AoeStats
← Erickinio

Arena

509369017Analyzed
4v4 RM · 5d ago on Sep 26, 2026· 56m 39s· 8 players
Game mode
Random Map
Map size
Large (8 player)
Population
200
Speed
Normal
Resources
Standard
Victory
Conquest
Starting age
Dark Age
Ending age
Imperial Age
RankedLock teamsTeams togetherTeam positionsShared explorationLock speedFull tech treeHidden civsTurbo modeCheats
Victory
Defeat
🇸🇪 Bohemians · Sweden
1056
+14
🇨🇳 Danes · China
1019
+15
🇭🇰 Persians · Hong Kong SAR China
1003
+16
🇦🇷 Celts · Argentina
935
+19
🇨🇳 Mongols · China
1013
-16
🇺🇸 Burgundians · United States
1003
-16
🇪🇸 Slavs · Spain
1001
-16
🇪🇸 Japanese · Spain
993
-16
Astorre Aprile
1:51 Loom
9:53 Feudal Age
10:46 Double-Bit Axe
11:26 Town Watch
13:53 Bow Saw
21:49 Castle Age
19:48 Fletching
20:21 Horse Collar
20:33 Stone Mining
21:06 Gold Mining
21:53 Stone Shaft Mining
22:04 Heavy Plow
22:42 Gold Shaft Mining
22:18 Padded Archer Armor
23:48 Crossbowman
32:16 Elite Skirmisher
36:08 Burgundian Vineyards
36:06 Town Patrol
36:42 Wheelbarrow
38:42 Bodkin Arrow
39:03 Leather Archer Armor
38:59 Forging
41:07 Hand Cart
41:12 Fervor
43:47 Two-Man Saw
43:20 Crop Rotation
43:59 Ballistics
43:20 Treadmill Crane
44:21 Murder Holes
47:00 Imperial Age
46:31 Fortified Wall
46:32 Masonry
50:17 Cavalier
50:59 Husbandry
50:20 Light Cavalry
52:12 Chemistry
50:58 Arrowslits
Anfaun
7:12 Loom
9:13 Feudal Age
15:25 Castle Age
14:26 Double-Bit Axe
14:46 Man-at-Arms
20:09 Horse Collar
23:07 Scale Mail Armor
24:18 Bow Saw
23:43 Long Swordsman
26:25 Forging
28:46 Chain Mail Armor
29:24 Iron Casting
28:57 Gambesons
29:12 Squires
28:58 Arson
31:26 Stone Mining
31:29 Gold Mining
32:28 Wheelbarrow
31:57 Town Watch
35:28 Imperial Age
33:52 Hand Cart
33:57 Fletching
34:40 Ballistics
34:15 Murder Holes
34:01 Treadmill Crane
34:32 Masonry
35:32 Two-Handed Swordsman
36:56 Bodkin Arrow
37:02 Padded Archer Armor
38:05 Blast Furnace
37:35 Plate Mail Armor
37:59 Gold Shaft Mining
37:27 Heavy Plow
38:31 Two-Man Saw
37:41 Bodkin Arrow
37:14 Champion
38:03 Elite Skirmisher
39:33 Pikeman
40:31 Bracer
40:31 Padded Archer Armor
40:54 Halberdier
42:17 Leather Archer Armor
43:51 Chemistry
52:23 Kataparuto
52:33 Kataparuto
52:34 Conscription
derthek
11:46 Feudal Age
12:32 Double-Bit Axe
16:05 Castle Age
13:57 Horse Collar
17:13 Bow Saw
18:10 Wheelbarrow
18:40 Heavy Plow
19:06 Loom
21:33 Man-at-Arms
23:12 Forging
22:25 Long Swordsman
24:19 Squires
23:45 Pikeman
25:06 Iron Casting
25:39 Hand Cart
29:40 Imperial Age
28:13 Scale Mail Armor
29:23 Chain Mail Armor
29:18 Murder Holes
30:31 Ballistics
31:28 Blast Furnace
29:50 Two-Handed Swordsman
31:13 Champion
32:17 Heavy Scorpion
33:54 Plate Mail Armor
33:15 Fletching
33:38 Bloodlines
33:28 Husbandry
32:52 Halberdier
34:17 Druzhina
34:39 Conscription
34:25 Elite Boyar
42:11 Scale Barding Armor
50:25 Block Printing
52:12 Redemption
52:32 Detinets
Freneticness
10:50 Feudal Age
13:16 Loom
15:37 Castle Age
15:29 Horse Collar
16:20 Loom
17:05 Double-Bit Axe
17:55 Heavy Plow
19:16 Wheelbarrow
19:21 Bow Saw
20:31 Gold Mining
22:18 Gold Shaft Mining
24:30 Stone Mining
28:20 Imperial Age
26:46 Fortified Wall
26:58 Ballistics
27:34 Stone Shaft Mining
30:33 Hand Cart
30:26 Fletching
30:37 Padded Archer Armor
31:31 Conscription
31:11 Murder Holes
31:58 Thumb Ring
32:42 Bloodlines
32:33 Husbandry
33:20 Bodkin Arrow
33:41 Leather Archer Armor
34:23 Parthian Tactics
34:20 Bracer
35:28 Onager
37:42 Chemistry
36:53 Onager
37:05 Elite Mangudai
37:48 Heavy Camel Rider
40:02 Siege Engineers
40:45 Nomads
41:30 Elite Skirmisher
41:31 Heavy Cavalry Archer
50:13 Scale Barding Armor
50:19 Forging
White
10:15 Feudal Age
12:08 Loom
15:55 Castle Age
14:41 Double-Bit Axe
16:01 Horse Collar
20:58 Wheelbarrow
23:53 Town Watch
25:04 Heavy Plow
29:15 Imperial Age
28:30 Chemistry
27:51 Pikeman
28:57 Squires
28:44 Arson
31:17 Bow Saw
33:34 Elite Hussite Wagon
34:02 Houfnice
37:24 Wagenburg Tactics
37:43 Elite Skirmisher
42:47 Fletching
42:58 Scale Mail Armor
43:08 Forging
43:00 Padded Archer Armor
44:58 Bodkin Arrow
46:18 Leather Archer Armor
47:14 Fortified Wall
47:14 Masonry
47:00 Murder Holes
47:32 Conscription
53:49 Halberdier
15634125
11:19 Feudal Age
14:48 Castle Age
13:05 Double-Bit Axe
13:10 Horse Collar
17:01 Bow Saw
17:43 Loom
23:33 Wheelbarrow
24:25 Hand Cart
29:33 Imperial Age
28:10 Bloodlines
28:15 Forging
28:12 Scale Barding Armor
29:59 Iron Casting
29:24 Gold Mining
29:25 Stone Mining
30:58 Chain Barding Armor
31:40 Gold Shaft Mining
31:41 Stone Shaft Mining
30:34 Elite War Elephant
32:17 Plate Barding Armor
32:43 Blast Furnace
34:07 Citadels
34:00 Kamandaran
33:52 Fletching
34:04 Padded Archer Armor
34:39 Bodkin Arrow
36:06 Chemistry
34:31 Crossbowman
35:54 Thumb Ring
36:30 Conscription
37:12 Leather Archer Armor
37:47 Heavy Plow
39:16 Ring Archer Armor
40:10 Hoardings
42:03 Ballistics
41:54 Masonry
41:55 Husbandry
41:16 Light Cavalry
46:12 Hussar
47:37 Caravan
49:05 Two-Man Saw
48:38 Crop Rotation
50:10 Cavalier
51:51 Coinage
51:37 Guilds
51:48 Savar
Enrique
0:42 Loom
11:02 Feudal Age
11:31 Double-Bit Axe
11:28 Horse Collar
16:35 Castle Age
17:38 Wheelbarrow
17:48 Bow Saw
18:40 Heavy Plow
25:13 Scale Mail Armor
26:10 Squires
26:45 Gold Mining
28:10 Chain Mail Armor
32:47 Imperial Age
30:33 Hand Cart
30:05 Town Watch
30:17 Stone Mining
31:00 Arson
31:03 Gambesons
32:06 Gold Shaft Mining
33:10 Stone Shaft Mining
32:55 Fletching
33:28 Ballistics
33:31 Bodkin Arrow
34:19 Conscription
34:04 Heavy Mounted Crossbowman
34:05 Cranequins
35:56 Chemistry
35:35 Thumb Ring
35:47 Bracer
37:15 Elite Jomsviking
38:14 Bloodlines
38:04 Husbandry
39:10 Padded Archer Armor
38:49 Elite Varangian Guard
40:18 Elite Jomsviking
42:46 Leather Archer Armor
43:03 Plate Mail Armor
42:43 Forging
41:57 Elite Varangian Guard
43:19 Caravan
44:19 Hamask
45:30 Masonry
45:55 Ring Archer Armor
46:06 Iron Casting
50:12 Blast Furnace
50:34 Town Patrol
50:17 Northmen's Fury
52:47 Hoardings
Erickinio
11:21 Feudal Age
11:55 Double-Bit Axe
11:57 Loom
12:11 Man-at-Arms
12:38 Arson
19:23 Forging
22:09 Castle Age
20:58 Scale Mail Armor
21:47 Wheelbarrow
23:30 Iron Casting
23:02 Long Swordsman
24:14 Gambesons
27:32 Pikeman
35:21 Chain Mail Armor
42:02 Pikeman
42:43 Horse Collar
43:55 Bow Saw
44:25 Masonry
45:07 Stronghold
46:28 Heavy Plow
47:30 Hand Cart
50:41 Imperial Age
49:04 Fletching
49:16 Padded Archer Armor
49:13 Murder Holes
49:40 Ballistics
50:04 Fortified Wall
49:52 Gold Mining
49:53 Stone Mining
51:14 Bodkin Arrow
51:35 Leather Archer Armor
51:58 Conscription
51:08 Halberdier
53:09 Blast Furnace
52:57 Stone Shaft Mining
52:58 Gold Shaft Mining
51:57 Two-Handed Swordsman
52:00 Elite Skirmisher
52:50 Siege Engineers
54:08 Plate Mail Armor
54:41 Chemistry
55:42 Ring Archer Armor
54:36 Heavy Scorpion
56:01 Champion
56:56 Furor Celtica
Connection lost

Rejoining the realm…

Still unreachable

The connection could not be restored.

Session expired

The server has moved on; the page needs a fresh start.